 Dungeon Crawl Stone Soup version 0.24-a0-736-g4e6fe308c7 (webtiles) character file.

Game seed: 12073810799411936040, levelgen mode: deterministic

174 Kiporshnikov the Slasher (level 5, 0/42 HPs)
             Began as a Human Berserker on Oct 2, 2019.
             Was a Follower of Okawaru.
             Slain by a worm (8 damage)
             ... on level 3 of the Dungeon.
             The game lasted 00:08:55 (2343 turns).

Kiporshnikov the Slasher (Human Berserker)          Turns: 2343, Time: 00:08:55

Health: 0/42       AC:  8    Str: 18    XL:     5   Next: 84%
Magic:  5/5        EV:  8    Int:  7    God:    Okawaru [*.....]
Gold:   102        SH:  0    Dex: 13    Spells: 4/4 levels left

rFire    . . .     SeeInvis .   a - +0 falchion
rCold    . . .     Gourm    .   (no shield)
rNeg     . . .     Faith    .   p - +0 chain mail
rPois    .         Spirit   .   (no helmet)
rElec    .         Reflect  .   (no cloak)
rCorr    .         Harm     .   (no gloves)
MR       .....                  (no boots)
Stlth    ..........             (no amulet)
HPRegen  0.14/turn              (no ring)
MPRegen  0.09/turn              (no ring)

@: lethally poisoned (0 -> -4)
A: no striking features
a: Heroism, Renounce Religion


You were on level 3 of the Dungeon.
You worshipped Okawaru.
Okawaru was aware of your devotion.
You were not hungry.

You visited 1 branch of the dungeon, and saw 3 of its levels.

You collected 102 gold pieces.

Inventory:

Hand Weapons
 a - a +0 falchion (weapon)
 h - a +0 shortbow of freezing
Missiles
 e - 21 bolts
 f - 23 poisoned darts (quivered)
 i - 73 arrows
Armour
 p - a +0 chain mail (worn)
Potions
 b - a potion of ambrosia
 d - a potion of berserk rage
 g - a potion of curing {unknown}
 k - a potion of brilliance {unknown}
 o - a potion of lignification {unknown}
 r - a potion of invisibility {unknown}
Comestibles
 c - 4 rations


   Skills:
 + Level 3.7 Fighting
 * Level 5.5 Long Blades
 - Level 2.0 Armour
 - Level 2.0 Dodging


You had 4 spell levels left.
You didn't know any spells.
Your spell library was empty.

Dungeon Overview and Level Annotations

Branches:
Dungeon (3/15)

Altars:
Fedhas
Okawaru


Message History

Your chain mail prevents you from hitting the worm.
You feel sick.
You hit the worm.
The worm is lightly wounded.
The worm bites you.
* * * LOW HITPOINT WARNING * * *
Unknown command.
You barely miss the worm.
The worm is lightly wounded.
You feel sick. The worm closely misses you.
You hit the worm.
The worm is lightly wounded.
You feel sick.
You slash the worm!
The worm is heavily wounded.
The worm bites you but does no damage.
You hit the worm.
The worm is severely wounded.
You feel sick. The worm bites you!
You die...

******,**** #,#.....###,*
####. *,* #.#.......#,*
#.##. *,*
#)#.[..#*,*,####.... *,*
#...)..#*,*,#.##.### *,*
###.)..#*,#.#.##.# *,*
#.#.##*,#.#....# *,* #(#.#
*,#.####.# *,* #w#.#**,#.#
### *,* #@#..,,,#.# *,*
#.###***#.# *,* #.#
#.########
*,#########.#######.........
*,..................########
**#########.#######.#
#.........# ###########


You could see a worm.

Vanquished Creatures
  A centaur (D:3)
  Terence (D:2)
  An adder (D:3)
  An adder skeleton (D:2)
  A worm (D:2)
  2 dart slugs (D:1)
  A leopard gecko (D:2)
  3 orcs
  2 bat zombies (D:2)
  4 giant cockroaches
  6 goblins
  2 hobgoblins
  3 jackals (D:1)
  A quokka (D:2)
  3 bats (D:1)
  2 frilled lizards
  A jackal skeleton (D:2)
  6 kobolds
  5 rats
46 creatures vanquished.

Notes
Turn   | Place    | Note
-------+----------+-------------------------------------------
     0 | D:1      | Kiporshnikov the Human Berserker began the quest for the
                  | Orb.
     0 | D:1      | Reached XP level 1. HP: 18/18 MP: 1/1
    95 | D:1      | Reached XP level 2. HP: 11/24 MP: 2/2
   777 | D:1      | Reached XP level 3. HP: 27/29 MP: 3/3
  1185 | D:2      | Noticed Terence
  1202 | D:2      | Killed Terence
  1202 | D:2      | Reached skill level 4 in Long Blades
  1202 | D:2      | Reached XP level 4. HP: 22/35 MP: 4/4
  1421 | D:2      | Reached ** piety under Trog
  1593 | D:2      | Found a blossoming altar of Fedhas.
  1902 | D:2      | Found a faded altar of an unknown god.
  1906 | D:2      | Fell from the grace of Trog
  1906 | D:2      | Became a worshipper of Warmaster Okawaru
  1906 | D:2      | Reached * piety under Okawaru
  2173 | D:3      | Noticed a centaur
  2181 | D:3      | Killed a centaur
  2181 | D:3      | Reached skill level 5 in Long Blades
  2181 | D:3      | Reached XP level 5. HP: 38/42 MP: 5/5
  2328 | D:3      | Paralysed by Trog for 5 turns
  2343 | D:3      | Slain by a worm

Levels and vault maps discovered:
D:1:      dpeg_arrival_pits, layout_loops_ring, serial_bayou_lake_a
D:2:      layout_basic, lemuel_crystal_altar, chequers_ecumenical_altar_grove,
          serial_undead, serial_undead_a, serial_undead_f, serial_undead_e,
          serial_undead_e, uniq_terence
D:3:      layout_basic, first_ration, interstate_on_off

Skill      XL: |  1  2  3  4 |
---------------+-------------+-----
Long Blades    | 4 5 |  5.5
Fighting       | |  3.7
Armour         | |  2.0
Dodging        | |  2.0

Action                   |  1- 3 |  4- 6 || total
-------------------------+-------+-------++-------
Melee: Falchion          |    63 |   116 ||   179
  Use: Scroll            |       |     7 ||     7
  Eat: Chunk             |       |     3 ||     3
       Ration            |       |     1 ||     1
Armor: Animal skin       |    11 |       ||    11
       Leather armour    |     9 |       ||     9
       Chain mail        |       |    81 ||    81
Dodge: Dodged            |    62 |    55 ||   117
       Rpst.: Falchion   |    21 |    18 ||    39

Table legend:
 A = Non-vault XP
 B = Vault XP
 C = Vault XP percentage of total XP
 D = Non-vault monster count
 E = Vault monster count
 F = Vault count percentage of total count
                 A         B        C        D         E       F
            +---------+---------+-------+---------+---------+-------
      Total |     203 |      46 |  18.5 |      41 |       5 |  10.9
            +---------+---------+-------+---------+---------+-------
        D:1 |      32 |       0 |   0.0 |      17 |       0 |   0.0
        D:2 |      31 |      46 |  59.7 |      15 |       5 |  25.0
        D:3 |     140 |       0 |   0.0 |       9 |       0 |   0.0
            +---------+---------+-------+---------+---------+-------
